 Dungeon Crawl Stone Soup version 0.15.2 (webtiles) character file.

43 kae the Chiller (level 3, -8/24 HPs)
             Began as a Demonspawn Ice Elementalist on Nov 26, 2014.
             Killed from afar by Ijyb (9 damage)
             ... with a wand of flame
             ... on Level 2 of the Dungeon.
             The game lasted 00:02:31 (1718 turns).

kae the Chiller (Demonspawn Ice Elementalist)       Turns: 1718, Time: 00:02:31

HP  -8/24        AC  2     Str  8      XL: 3   Next: 37%
MP   6/6         EV 12     Int 17      God:
Gold 80          SH  0     Dex 13      Spells:  2 memorised,  3 levels left

rFire  . . .     SeeInvis .     (no weapon)
rCold  . . .     Clarity  .     a - +0 robe
rNeg   . . .     rCorr    .     (no shield)
rPois  .         rRot     .     (no helmet)
rElec  .         Spirit   .     (no cloak)
SustAb .         Warding  .     (no gloves)
rMut   .         Stasis   .     (no boots)
Gourm  .                        (no amulet)
MR     .....                    (no ring)
                                (no ring)

@: not resistant to hostile enchantments, unstealthy
A: demonic guardian 1
a: no special abilities


You were on level 2 of the Dungeon.
You were very hungry.

You visited 1 branch of the dungeon, and saw 2 of its levels.

You collected 80 gold pieces.

Inventory:

Armour
 a - a +0 robe (worn)
Comestibles
 c - 2 bread rations
 f - 2 beef jerkies
 g - a royal jelly
 i - a slice of pizza
Scrolls
 d - 3 scrolls of remove curse {unknown}
 k - 2 scrolls of identify {unknown}
Jewellery
 e - an uncursed amulet of resist mutation {unknown}
Potions
 h - a potion of might {unknown}
 j - a potion of heal wounds {unknown}
 l - a potion of curing {unknown}
Books
 b - a book of Frost

   Spells                             Type                      Level
   *Freeze                            Ice                          1
   *Throw Frost                       Conjuration/Ice              2
   Ozocubu's Armour                   Charms/Ice                   3
   Throw Icicle                       Conjuration/Ice              4
   Summon Ice Beast                   Ice/Summoning                4
   Condensation Shield                Ice                          4


   Skills:
 - Level 1.7 Dodging
 - Level 1.7 Stealth
 + Level 2.3 Spellcasting
 + Level 1.5 Conjurations
 * Level 3.6 Ice Magic


You had 3 spell levels left.
You knew the following spells:

 Your Spells              Type           Power        Failure   Level  Hunger
a - Freeze                Ice            ##..         4%          1    #......
b - Throw Frost           Conj/Ice       ##....       12%         2    ##.....


Dungeon Overview and Level Annotations

Branches:
Dungeon (2/15)

Altars:

Annotations:
D:2 Ijyb


Innate Abilities, Weirdness & Mutations

A weak demonic guardian rushes to your aid.


Message History

You can't see any susceptible monsters within range! (Use Z to cast anyway.)
You now have 70 gold pieces (gained 13).
You now have 80 gold pieces (gained 10).
Magic restored.
Found a buckler.
l - a yellow potion
Found a stone staircase leading down.
Ijyb the Twisted Goblin comes into view.
He is wielding a dagger.
Ijyb shouts!
Ijyb zaps a wand.
The puff of flame misses you.
Ijyb is nearby!
Ijyb is nearby!
A goblin comes into view. It is wielding a club.
Ijyb zaps a wand.
The puff of flame hits you! Ijyb screams, "Me stronger than you!"
Ijyb zaps a wand.
The puff of flame hits you!
Ouch! That really hurt!
* * * LOW HITPOINT WARNING * * *
Ijyb zaps a wand.
The puff of flame hits you!
You die...

.......>.# .......... ...
.........# .♣..
##...###.##. #.....
##...## ..... .....
......# ....#.## ...#
.#.<..##P.PP(.#.....####
.##.#.#...PP..#g#g>.....#
.##...P)P♣♣P..P.@...# #
.####P..PP♣PP......#..#.
.....%♣P♣♣♣♣♣♣♣....#.....
......PP♣♣♣♣P.....5..##.#
#......P..♣.............#
..##..#..P♣..P.......[..#
#.....##.P♣P......#######
#.....###...##.#♣♣♣
......# ######.♣


You could see Ijyb, a goblin and a friendly iron imp.

Vanquished Creatures
  A giant mite (D:1)
  2 giant geckos (D:1)
  An ooze (D:1)
  A giant cockroach (D:1)
  4 hobgoblins
  3 jackals (D:1)
  7 bats
  2 giant newts (D:1)
  2 goblins (D:1)
  6 kobolds
  2 rats
31 creatures vanquished.

Notes
Turn   | Place    | Note
--------------------------------------------------------------
     0 | D:1      | kae, the Demonspawn Ice Elementalist, began the quest for the Orb.
     0 | D:1      | Reached XP level 1. HP: 13/13 MP: 3/3
    75 | D:1      | Reached skill level 3 in Ice Magic
   438 | D:1      | Gained mutation: A weak demonic guardian rushes to your aid. [demonic ancestry]
   438 | D:1      | Reached XP level 2. HP: 19/19 MP: 2/4
   728 | D:1      | Learned a level 2 spell: Throw Frost
  1173 | D:1      | Reached XP level 3. HP: 5/24 MP: 0/6
  1713 | D:2      | Noticed Ijyb
  1717 | D:2      | HP: 1/24 [Ijyb/wand of flame (12)]
  1718 | D:2      | Killed from afar by Ijyb

Action                   || total
-------------------------++-------
Melee: Unarmed           ||    80
 Cast: Freeze            ||    47
 Stab: Sleeping          ||     1
  Eat: Chunk             ||     2
